 Dungeon Crawl Stone Soup version 0.30-a0-743-gbfdf073431 (webtiles) character file.

Game seed: 15008137598826039555

2619 Aneyh the Fighter (level 9, -5/62 HPs)
             Began as a Tengu Monk on Feb 8, 2023.
             Killed from afar by a steam dragon (15 damage)
             ... with a ball of steam
             ... on level 7 of the Dungeon.
             The game lasted 00:18:08 (7823 turns).

Aneyh the Fighter (Tengu Monk)                      Turns: 7823, Time: 00:18:08

Health: -5/62      AC:  9    Str: 15    XL:     9   Next: 60%
Magic:  10/10      EV: 18    Int: 11    God:
Gold:   483        SH:  0    Dex: 17    Spells: 8/8 levels left

rFire   . . .      SeeInvis .    a - +4 lajatang
rCold   + . .      Faith    +    (shield currently unavailable)
rNeg    . . .      Spirit   .    n - +0 ring mail
rPois   .          Reflect  .    (helmet restricted)
rElec   .          Harm     .    (no cloak)
rCorr   .          Rampage  .    (no gloves)
Will    .....                    (boots unavailable)
Stlth   ++                       v - amulet of faith
HPRegen 0.30/turn                K - +4 ring of protection
MPRegen 0.12/turn                x - ring of protection from cold

@: flying quickly and evasively, quick
A: beak, talons 3, nimble flight, MP-powered wands, sturdy frame 1
a: no special abilities


You were on level 7 of the Dungeon.
You visited 2 branches of the dungeon, and saw 8 of its levels.
You also visited: Sewer.

You collected 483 gold pieces.

Inventory:

Hand Weapons
 a - a +4 lajatang (weapon)
 b - a +0 arbalest
 j - a +2 heavy spear
 p - a +3 scimitar of freezing
 y - the +2 rapier of Conflict {venom, rF+}
   (You found it on level 5 of the Dungeon)

   rF:        It protects you from fire.
 z - a +1 battleaxe
 C - a +2 vampiric rapier
 F - a +0 flail of holy wrath
 H - a +0 halberd
Missiles
 i - 31 poisoned darts (quivered)
Armour
 e - a +0 robe
 n - a +0 ring mail (worn)
Magical Staves
 l - a staff of conjuration
Jewellery
 t - a ring of ice
 v - an amulet of faith (around neck)
 x - a ring of protection from cold (right hand)
 B - a +5 ring of evasion
 K - a +4 ring of protection (left hand)
Wands
 o - a wand of roots (5)
 D - a wand of polymorph (18)
 E - a wand of paralysis (6)
Scrolls
 d - a scroll of fog
 f - 14 scrolls of identify
 k - 7 scrolls of teleportation
 u - a scroll of fear
 w - 2 scrolls of blinking
Potions
 c - a potion of ambrosia
 g - 2 potions of mutation
 h - 7 potions of curing
 m - 4 potions of heal wounds {unknown}
 q - a potion of cancellation {unknown}
 r - 3 potions of lignification {unknown}
 s - a potion of degeneration {unknown}
 A - a potion of experience {unknown}
 I - a potion of magic {unknown}
 J - a potion of haste {unknown}


   Skills:
 - Level 10.0 Fighting
 - Level 4.0 Polearms
 + Level 6.5 Ranged Weapons
 - Level 7.0 Dodging
 - Level 2.0 Stealth


You had 8 spell levels left.
You didn't know any spells.
Your spell library was empty.

Dungeon Overview and Level Annotations

Branches:
Dungeon (7/15)             Temple (1/1) D:6           Sewer (visited)

Altars:
Ashenzari
Dithmenos
Fedhas
Gozag
Kikubaaqudgha
Makhleb
Nemelex Xobeh
Qazlal
Sif Muna
Trog
Uskayaw
Vehumet
Wu Jian
Yredelemnul
Zin
The Shining One

Annotations:
D:4 2 runed translucent doors


Innate Abilities, Weirdness & Mutations

You have a beak for a mouth.
You have claws for feet.
Your magical nature lets you fly swiftly and evasively.
You expend magic power (3 MP) to strengthen your wands.
Your movements are slightly less encumbered by armour. (ER -2)


Message History

b - a +0 arbalest (weapon)
A necrophage comes into view.
You shoot a bolt. The bolt hits the necrophage.
The necrophage is moderately damaged.
You shoot a bolt. The bolt barely misses the necrophage.
You shoot a bolt. The bolt barely misses the necrophage.
a - a +4 lajatang (weapon)
You slash the necrophage! You claw the necrophage.
You destroy the necrophage!
No target in view!
b - a +0 arbalest (weapon)
You see here a necrophage corpse.
B - a +5 ring of evasion You shoot a bolt.
The steam dragon hisses angrily.
The bolt hits the steam dragon!
The steam dragon is heavily wounded.
The steam dragon breathes steam at you. The ball of steam hits you!!
You shoot a bolt.
The bolt barely misses the steam dragon.
The steam dragon misses you. x2
a - a +4 lajatang (weapon)
You slash the steam dragon!
The steam dragon is almost dead.
The steam dragon closely misses you.
The steam dragon claws you but does no damage.
You closely miss the steam dragon.
You claw the steam dragon, but do no damage.
The steam dragon is almost dead.
The steam dragon breathes steam at you. The ball of steam hits you!!
The steam dragon misses you. x2
The steam dragon completely misses you. x2
You barely miss the steam dragon.
The steam dragon is almost dead.
You are engulfed in a cloud of scalding steam.
* * * LOW HITPOINT WARNING * * *
The steam dragon breathes steam at you. The ball of steam hits you!
You die...

#..)........# #..#
###.......#.# ##.#
###........#.#####...
#...#......#.......#.
#.###......###.....#.
#####.# #......#
#.##...) ##.....#
#.###..# #.####..
#.†#######....... ..#
#... ##.## #@D#
.##### #... #..#
#####.## #...
#####.####...§§# #...
#..........##### ####
#.........##
#.........#
#.........#
#.........#
###########


You could see a steam dragon (catching breath).

Vanquished Creatures
  A steam dragon (D:6)
  A sky beast (D:7)
  2 ice beasts (D:7)
  An ogre (D:4)
  3 centaurs
  2 phantoms
  A kobold brigand (D:6)
  A bullfrog (D:6)
  2 gnoll sergeants
  2 necrophages
  4 scorpions
  3 wights (D:7)
  2 howler monkeys
  A gnoll bouda (D:6)
  A hound (D:7)
  3 jellies (D:6)
  2 orc priests (D:6)
  5 iguanas
  3 orc wizards
  11 gnolls
  9 adders
  4 river rats (Sewer)
  2 shadow imps
  A white imp (D:6)
  An ufetubus (D:5)
  6 worms
  4 dart slugs
  12 orcs
  14 ball pythons
  9 endoplasms
  13 giant cockroaches
  7 goblins
  11 hobgoblins
  8 jackals
  6 quokkas
  11 bats
  6 frilled lizards
  10 kobolds
  6 rats
191 creatures vanquished.

Vanquished Creatures (others)
  A sky beast (D:7)
  A plant (D:5)
2 creatures vanquished.

Grand Total: 193 creatures vanquished

Notes
Turn   | Place    | Note
-------+----------+-------------------------------------------
     0 | D:1      | Aneyh the Tengu Monk began the quest for the Orb.
     0 | D:1      | Reached XP level 1. HP: 14/14 MP: 2/2
    59 | D:1      | Reached XP level 2. HP: 19/19 MP: 3/3
   104 | D:1      | Found a faded altar of an unknown god.
   165 | D:1      | Reached XP level 3. HP: 23/23 MP: 4/4
   506 | D:2      | Reached skill level 4 in Fighting
   910 | D:2      | Reached XP level 4. HP: 20/29 MP: 5/5
  1031 | D:2      | Found a hide-covered altar of Uskayaw.
  1731 | D:3      | Reached skill level 5 in Fighting
  1746 | D:3      | Gained mutation: Your magical nature lets you fly swiftly
                  | and evasively. [Tengu growth]
  1746 | D:3      | Reached XP level 5. HP: 11/35 MP: 6/6
  2224 | D:4      | Reached skill level 6 in Fighting
  2271 | D:4      | Reached XP level 6. HP: 41/41 MP: 7/7
  2287 | D:4      | Found a large runed translucent door.
  2288 | D:4      | Found a large runed translucent door.
  3115 | D:4      | Reached skill level 7 in Fighting
  3280 | D:5      | Entered Level 5 of the Dungeon
  3286 | D:5      | Identified the +2 rapier of Conflict {venom, rF+}
  3417 | D:5      | Reached XP level 7. HP: 40/48 MP: 8/8
  3748 | D:5      | Reached skill level 8 in Fighting
  4397 | D:6      | Reached skill level 9 in Fighting
  4399 | D:6      | Reached XP level 8. HP: 42/56 MP: 9/9
  4466 | D:6      | Found a basalt altar of Yredelemnul.
  4469 | D:6      | Found a burning altar of Makhleb.
  4472 | D:6      | Found an opulent altar of Gozag.
  4515 | D:6      | Found a glowing drain.
  4528 | Sewer    | Entered a sewer
  5306 | D:7      | Reached skill level 10 in Fighting
  5400 | D:7      | Reached skill level 5 in Dodging
  5548 | D:7      | HP: 2/57 [something (5)]
  5555 | D:7      | HP: 2/57 [something/ball of steam (17)]
  5767 | D:6      | Reached XP level 9. HP: 46/62 MP: 10/10
  6069 | D:6      | Gained mutation: You expend magic power (3 MP) to
                  | strengthen your wands. [potion of mutation]
  6069 | D:6      | Gained mutation: Your movements are slightly less
                  | encumbered by armour. (ER -2) [potion of mutation]
  6107 | D:6      | Found a staircase to the Ecumenical Temple.
  6117 | Temple   | Entered the Ecumenical Temple
  6476 | D:6      | Reached skill level 1 in Ranged Weapons
  6513 | D:6      | Found a glowing silver altar of Zin.
  7546 | D:7      | Reached skill level 5 in Ranged Weapons
  7823 | D:7      | Killed from afar by a steam dragon

Illustrated notes

Levels and vault maps discovered:
D:1:      nzn_arrival_depleted_hourglass, layout_basic,
          hellmonk_ecumenical_altar_blasted, minmay_pentomino_q4
D:2:      kennysheep_the_goblin_king, layout_basic, basic_altar
D:3:      layout_rooms
D:4:      layout_gridville, jmf_multi_god_temple2, minivault_24
D:5:      layout_cave_pools, saegor_snake_ambush
D:6:      layout_layer_cave, grunt_temple_overflow_diamond, zin_treasury,
          minmay_temple_entry_slanted, cheibrodos_sewer_entry_bend
D:7:      layout_rooms
Temple:   minmay_temple_bridge_abc

Skill      XL: |  1  2  3  4  5  6  7  8  9 |
---------------+----------------------------+-----
Polearms       | 4 |  4.0
Fighting       | 4 5 6 7 9 10 | 10.0
Dodging        | 6 7 |  7.0
Ranged Weapons | 6 |  6.5
Stealth        | |  2.0

Action                     |  1- 3 |  4- 6 |  7- 9 || total
---------------------------+-------+-------+-------++-------
  Melee: Rapier            |    78 |   130 |   158 ||   366
         Spear             |     6 |       |       ||     6
         Kick              |    14 |    39 |    60 ||   113
         Peck              |     9 |    25 |    39 ||    73
         Punch             |     1 |     1 |     4 ||     6
         Lajatang          |       |       |    57 ||    57
   Fire: Arbalest          |       |       |    42 ||    42
  Throw: Dart              |     1 |    18 |    22 ||    41
    Use: Scroll            |       |       |    14 ||    14
         Potion            |       |       |     2 ||     2
   Stab: Sleeping          |     5 |     5 |    14 ||    24
         Distracted        |       |     1 |       ||     1
 Armour: Robe              |    14 |    14 |    17 ||    45
         Ring mail         |       |       |     9 ||     9
  Dodge: Dodged            |    60 |    82 |   200 ||   342

Table legend: (Time is in decaauts)
 A = Elapsed time spent in this place.
 B = Non-inter-level travel time spent in this place.
 C = Inter-level travel time spent in this place.
 D = Time resting spent in this place.
 E = Time spent auto-exploring this place.
 F = Levels seen in this place.
 G = Mean time per level.
                   A        B        C        D        E       F      G
               +--------+--------+--------+--------+--------+-----+--------+
         Total |   7576 |   7293 |    283 |   1767 |   3579 |   9 |  841.8 |
       Dungeon |   7097 |   6818 |    279 |   1756 |   3359 |   7 | 1013.9 |
        Temple |     69 |     65 |      4 |      0 |     31 |   1 |   69.0 |
         Sewer |    410 |    410 |      0 |     11 |    189 |   1 |  410.0 |
               +--------+--------+--------+--------+--------+-----+--------+

Top non-repeatable levels by time:
     D:6: 2195 daAuts
     D:4: 992 daAuts
     D:5: 965 daAuts
     D:1: 843 daAuts
     D:3: 775 daAuts
     D:2: 716 daAuts
     D:7: 608 daAuts
   Sewer: 410 daAuts
  Temple: 69 daAuts
